 Dungeon Sprint DCSS version 0.28-a0-1629-gf728b707aa (webtiles) character file.

Game seed: 13279365730919286812

161 mhtbhm the Skirmisher (level 5, -1/53 HPs)
             Began as a Draconian Berserker on Jan 25, 2022.
             Was a Priest of Trog.
             Slain by a shadow (32 damage)
             ... in the Dungeon (Sprint IX: "|||||||||||||||||||||||||||||").
             The game lasted 00:00:37 (287 turns).

mhtbhm the Skirmisher (Draconian Berserker)          Turns: 287, Time: 00:00:37

Health: -1/53      AC:  6    Str: 22    XL:     5   Next: 18%
Magic:  5/5        EV: 16    Int:  7    God:    Trog [***...]
Gold:   0          SH:  0    Dex: 13    Spells: 4/4 levels left

rFire   . . .      SeeInvis .   a - +2 scimitar (holy)
rCold   . . .      Faith    .   (no shield)
rNeg    . . .      Spirit   .   (armour unavailable)
rPois   .          Reflect  .   (helmet restricted)
rElec   .          Harm     .   (no cloak)
rCorr   .          Rampage  .   j - +0 pair of gloves
Will    .....      NoTele   +   (no boots)
Stlth   +.........              (no amulet)
HPRegen 0.17/turn               k - +2 ring of evasion
MPRegen 0.09/turn               l - +3 ring of dexterity

@: no status effects
A: AC +5, unfitting armour, cold-blooded
a: Renounce Religion, Berserk, Trog's Hand


You were in the Dungeon.
You worshipped Trog.
Trog was most pleased with you.
You visited 1 branch

Inventory:

Hand Weapons
 a - a +2 scimitar of holy wrath (weapon)
Armour
 j - a +0 pair of gloves (worn)
Jewellery
 k - a +2 ring of evasion (left hand)
 l - a +3 ring of dexterity (right hand)
Wands
 i - a wand of iceblast (10)
Scrolls
 g - 2 scrolls of blinking
Potions
 b - a potion of invisibility
 c - 3 potions of heal wounds
 d - a potion of haste
 e - 4 potions of magic
 f - a potion of berserk rage
 h - 4 potions of curing


   Skills:
 + Level 7.7 Fighting
 + Level 6.9 Long Blades
 + Level 5.7 Dodging
 + Level 0.1 Stealth


You had 4 spell levels left.
You didn't know any spells.
Your spell library was empty.

Dungeon Overview and Level Annotations

Branches:
Dungeon (1/1)

Altars:
Cheibriados
Dithmenos
Elyvilon
Fedhas
Gozag
Hepliaklqana
Kikubaaqudgha
Makhleb
Nemelex Xobeh
Okawaru
Qazlal
Ru
Sif Muna
Trog
Uskayaw
Vehumet
Wu Jian
Xom
Yredelemnul
Zin
The Shining One
Beogh
Jiyva
Lugonu


Innate Abilities, Weirdness & Mutations

Your plain brown scales are hard. (AC +5)
You cannot fit into any form of body armour.
You are cold-blooded and may be slowed by cold attacks.


Message History

You feel agile.
l - a +3 ring of dexterity (right hand)
You open the door. 2 shadows, a wyvern, 2 kobold brigands and an acid dragon come into view.
A kobold brigand is wielding a +0 short sword and quivering poisoned darts.
A kobold brigand is wielding a +0 short sword and quivering curare-tipped darts.
The kobold brigand shouts!
The acid dragon roars!
The shadow slips into darkness.
The shadow flickers and vanishes!
Deactivating autopickup; reactivate with Ctrl-A.
Unknown command.
The wyvern hisses angrily.
The kobold brigand shouts!
You hit the shadow.
The shadow convulses.
The shadow is moderately damaged.
The shadow slips into darkness.
The shadow flickers and vanishes!
You miss something.
The shadow strikes at you from the darkness!
Reactivating autopickup.
You hit the shadow but do no damage.
The shadow is moderately damaged.
The shadow slips into darkness.
The shadow flickers and vanishes!
Deactivating autopickup; reactivate with Ctrl-A.
Unknown command.
Unknown command.
You closely miss something.
The shadow strikes at you from the darkness!
Reactivating autopickup.
You hit the shadow.
The shadow convulses.
You punch the shadow, but do no damage.
The shadow is severely damaged.
The shadow hits you.
The shadow slips into darkness.
The shadow flickers and vanishes!
Deactivating autopickup; reactivate with Ctrl-A.
Unknown command.
You closely miss something.
The shadow strikes at you from the darkness!
Ouch! That really hurt!
You die... ▓▓▓▓▓▓▓▓▓▓▓▓▓▓▓▓▓▓▓▓▓▓▓▓ _______'.?).[.[.@{.lKKD. ▓▓▓▓▓▓▓▓▓▓▓▓▓▓▓▓▓▓▓▓▓▓▓▓

You could see a wyvern, an acid dragon and 2 kobold brigands.

Vanquished Creatures
  A scorpion (D)
  A howler monkey (D)
  A hound (D)
  An iguana (D)
  A worm (D)
  A bat (D)
  2 endoplasms (D)
  A giant cockroach (D)
  A kobold (D)
10 creatures vanquished.

Notes
Turn   | Place    | Note
-------+----------+-------------------------------------------
     0 | D        | mhtbhm the Draconian Berserker began the quest for the Orb.
     0 | D        | Reached XP level 1. HP: 19/19 MP: 1/1
     8 | D        | Reached ** piety under Trog
    11 | D        | Reached skill level 4 in Fighting
    70 | D        | Noticed a hound
    70 | D        | Noticed an iguana
    70 | D        | Noticed a scorpion
    70 | D        | Noticed a howler monkey
    74 | D        | Killed a hound
    75 | D        | Reached skill level 5 in Fighting
    75 | D        | Reached XP level 2. HP: 29/29 MP: 2/2
    75 | D        | Reached XP level 3. HP: 36/36 MP: 3/3
    79 | D        | Reached *** piety under Trog
    84 | D        | Reached skill level 6 in Fighting
    84 | D        | Reached skill level 5 in Long Blades
    90 | D        | Killed a scorpion
    91 | D        | Reached skill level 7 in Fighting
    91 | D        | Reached skill level 5 in Dodging
    91 | D        | Reached XP level 4. HP: 38/47 MP: 4/4
    97 | D        | Reached XP level 5. HP: 26/53 MP: 5/5
   101 | D        | Found a snail-covered altar of Cheibriados.
   101 | D        | Found a shadowy altar of Dithmenos.
   101 | D        | Found a white marble altar of Elyvilon.
   101 | D        | Found a blossoming altar of Fedhas.
   101 | D        | Found an opulent altar of Gozag.
   102 | D        | Found a hazy altar of Hepliaklqana.
   103 | D        | Found a viscous altar of Jiyva.
   104 | D        | Found an ancient bone altar of Kikubaaqudgha.
   105 | D        | Found a corrupted altar of Lugonu.
   106 | D        | Found a burning altar of Makhleb.
   107 | D        | Found a sparkling altar of Nemelex Xobeh.
   108 | D        | Found an iron altar of Okawaru.
   109 | D        | Found a stormy altar of Qazlal.
   110 | D        | Found a sacrificial altar of Ru.
   111 | D        | Found a shimmering blue altar of Sif Muna.
   116 | D        | Found a bloodstained altar of Trog.
   117 | D        | Found a hide-covered altar of Uskayaw.
   118 | D        | Found a radiant altar of Vehumet.
   119 | D        | Found an ornate altar of the Wu Jian Council.
   120 | D        | Found a shimmering altar of Xom.
   121 | D        | Found a basalt altar of Yredelemnul.
   122 | D        | Found a glowing silver altar of Zin.
   123 | D        | Found a glowing golden altar of the Shining One.
   281 | D        | Noticed a shadow
   281 | D        | Noticed a shadow
   281 | D        | Noticed a wyvern
   281 | D        | Noticed an acid dragon
   287 | D        | Slain by a shadow

Illustrated notes

Levels and vault maps discovered:
D:        linesprint [early_d, line_temple, items_1, d_10, items_2, lair_1,
          lair_end, items_3, orc_1, orc_end, items_4, d_15, swamp_1, shoals_1,
          snake_1, spider_1, d_20, vaults_1, items_5, swamp_end, shoals_end,
          snake_end, spider_end, vaults_end, d_27, items_6, zot_1, zot_end,
          crypt_end, forest_end, elf_end, slime_end, tomb_end, abyss_end,
          pan_hell_end]

Skill      XL: |  1  2  3 |
---------------+----------+-----
Dodging        | 4 5 |  5.7
Fighting       | 5 7 |  7.7
Long Blades    | 4 6 |  6.9
Stealth        | |  0.1

Action                   |  1- 3 |  4- 6 || total
-------------------------+-------+-------++-------
Melee: Falchion          |    23 |     6 ||    29
       Tailslap          |       |     2 ||     2
       Scimitar          |       |     6 ||     6
       Punch             |       |     1 ||     1
Invok: Berserk           |     1 |       ||     1
  Use: Potion            |     1 |       ||     1
Armor: Skin              |     7 |     1 ||     8
Dodge: Dodged            |    13 |     2 ||    15

Table legend: (Time is in decaauts)
 A = Elapsed time spent in this place.
 B = Non-inter-level travel time spent in this place.
 C = Inter-level travel time spent in this place.
 D = Time resting spent in this place.
 E = Time spent auto-exploring this place.
 F = Levels seen in this place.
 G = Mean time per level.
                   A        B        C        D        E       F      G
               +--------+--------+--------+--------+--------+-----+--------+
         Total |    296 |    296 |      0 |    160 |      3 |   1 |  296.0 |
       Dungeon |    296 |    296 |      0 |    160 |      3 |   1 |  296.0 |
               +--------+--------+--------+--------+--------+-----+--------+

Top non-repeatable levels by time:
       D: 296 daAuts
